 Dungeon Crawl Stone Soup version 0.30-a0-782-ge64f9170bb (webtiles) character file.

Game seed: 15717055943256434695

34952 CrazyBamboolord the Marksant (level 14, 0/111 HPs)
             Began as a Formicid Hunter on Feb 26, 2023.
             Was a High Priest of Okawaru.
             Slain by a seven-headed hydra (10 damage)
             ... on level 4 of the Lair of Beasts.
             The game lasted 00:34:11 (14165 turns).

CrazyBamboolord the Marksant (Formicid Hunter)     Turns: 14165, Time: 00:34:12

Health: 0/111      AC: 15    Str: 16    XL:     14   Next: 16%
Magic:  20/20      EV: 16    Int: 10    God:    Okawaru [*****.]
Gold:   1240       SH: 13    Dex: 21    Spells: 13/13 levels left

rFire   + . .      SeeInvis +    j - +1 longbow (flame)
rCold   + + .      Faith    .    R - +0 kite shield
rNeg    . . .      Spirit   .    B - +0 steam dragon scales
rPois   +          Reflect  .    (helmet unavailable)
rElec   .          Harm     .    V - +1 cloak of Weightlessness {SInv Stlth+}
rCorr   +          Rampage  .    z - +2 pair of gloves
Will    +....                    D - +2 pair of boots
Stlth   ++++                     e - amulet of Hiag {Acrobat *Slow rF+ rC++ Regen+}
HPRegen 1.18/turn                N - ring of poison resistance
MPRegen 0.17/turn                C - ring of a Billion Places {Wiz rCorr Slay+3}

@: no status effects
A: permanent stasis, dig shafts and tunnels, antennae 3, four strong arms
a: Dig, Shaft Self, Renounce Religion, Heroism, Finesse, Duel


You were on level 4 of the Lair of Beasts.
You worshipped Okawaru.
Okawaru was extremely pleased with you.
You visited 3 branches of the dungeon, and saw 17 of its levels.
You also visited: Bailey and Ice Cave.

You collected 1240 gold pieces.

Inventory:

Hand Weapons
 j - a +1 longbow of flaming (weapon)
 F - a +0 shortbow of freezing
Missiles
 f - 4 throwing nets
Armour
 z - a +2 pair of gloves (worn)
 B - +0 steam dragon scales (worn)
 D - a +2 pair of boots (worn)
 R - a +0 kite shield (worn)
 T - the +5 scale mail of the Sun {Str+6 Dex-3 SInv}
   (Okawaru gifted it to you on level 1 of the Lair of Beasts)

   Str:       It affects your strength (+6).
   Dex:       It affects your dexterity (-3).
   SInv:      It lets you see invisible.
 V - the +1 cloak of Weightlessness (worn) {SInv Stlth+}
   (Okawaru gifted it to you in an ice cave)

   SInv:      It lets you see invisible.
   Stlth:     It makes you more stealthy.
 W - a +2 leather armour of resistance
Jewellery
 e - the amulet of Hiag (around neck) {Acrobat *Slow rF+ rC++ Regen+}
   (You acquired it on level 2 of the Dungeon)

   [amulet of the acrobat]

   It increases your evasion while moving and waiting.
   rF:        It protects you from fire.
   rC:        It greatly protects you from cold.
   Regen:     It increases your rate of health regeneration.
   *Slow:     It may slow you when you take damage.
 g - a +6 ring of dexterity
 k - a ring of positive energy
 C - the ring of a Billion Places (right hand) {Wiz rCorr Slay+3}
   (You found it in an ice cave)

   [ring of wizardry]

   It improves your spell success rate.
   Slay:      It affects your accuracy & damage with ranged weapons and melee
   (+3).
   rCorr:     It protects you from acid and corrosion.
 G - a ring of protection from cold
 N - a ring of poison resistance (left hand)
 P - a ring of willpower
 U - a ring of flight
Wands
 c - a wand of quicksilver (8)
 r - a wand of mindburst (27)
 u - a wand of iceblast (6)
 S - a wand of flame (13)
Scrolls
 a - a scroll of enchant weapon {unknown}
 b - 6 scrolls of immolation
 m - 2 scrolls of enchant armour
 n - 2 scrolls of silence
 o - 5 scrolls of fear
 q - 3 scrolls of magic mapping
 v - 2 scrolls of noise {unknown}
 A - a scroll of poison {unknown}
 E - a scroll of amnesia {unknown}
 K - 2 scrolls of vulnerability {unknown}
 O - a scroll of blinking {unknown}
 Y - 2 scrolls of fog {unknown}
Potions
 d - 3 potions of degeneration
 h - 2 potions of might
 i - 2 potions of lignification
 l - 4 potions of ambrosia
 t - a potion of berserk rage
 w - a potion of resistance
 x - 3 potions of flight
 H - 2 potions of mutation {unknown}
 I - 3 potions of invisibility {unknown}
 J - 3 potions of brilliance
 L - 2 potions of heal wounds {unknown}


   Skills:
 * Level 10.6 Fighting
 * Level 16.0 Ranged Weapons
 * Level 7.8 Armour
 * Level 7.0 Dodging
 + Level 3.2 Stealth
 * Level 9.7 Shields
 * Level 8.3 Invocations


You had 13 spell levels left.
You didn't know any spells.
Your spell library contained the following spells:

 Spells                   Type           Power      Damage    Failure   Level
 Magic Dart               Conj           0%         1d3       26%         1
 Lesser Beckoning         Tloc           0%         N/A       38%         2
 Gell's Gravitas          Tloc           0%         N/A       61%         3
 Mephitic Cloud           Conj/Pois/Air  0%         N/A       61%         3
 Ozocubu's Armour         Ice            0%         N/A       61%         3
 Stone Arrow              Conj/Erth      0%         3d7       61%         3
 Teleport Other           Tloc           0%         N/A       61%         3
 Fireball                 Conj/Fire      0%         3d3       99%         5
 Iskenderun's Battlesphe  Conj           0%         2d6       99%         5
 Conjure Ball Lightning   Conj/Air       0%         3x3d6     100%        6
 Orb of Destruction       Conj           0%         9d5       100%        7
 Ozocubu's Refrigeration  Ice            0%         4d7       100%        7
 Lehudib's Crystal Spear  Conj/Erth      0%         10d2      100%        8
 Call Imp                 Summ           Unusable   N/A       N/A         2
 Animate Armour           Summ/Erth      Unusable   N/A       N/A         4

Dungeon Overview and Level Annotations

Branches:
Dungeon (11/15)            Temple (1/1) D:5            Lair (5/5) D:11
 Shoals (0/4) Lair:3        Snake (0/4) Lair:2        Slime (0/5) Lair:4
    Orc (0/2) D:11         Bailey (visited)           IceCv (visited)

Altars:
Ashenzari
Cheibriados
Dithmenos
Elyvilon
Fedhas
Hepliaklqana
Kikubaaqudgha
Makhleb
Nemelex Xobeh
Okawaru
Qazlal
Ru
Sif Muna
Trog
Uskayaw
Vehumet
Wu Jian
Xom
Yredelemnul
Zin
Jiyva

Shops:
D:6 (   D:8 (   D:10 =

Annotations:
D:6 2 runed translucent doors


Innate Abilities, Weirdness & Mutations

You cannot be hasted, slowed, berserked, paralysed or teleported.
You can dig through walls and to a lower floor.
You have a pair of large antennae on your head. (SInv)
Your four strong arms can wield two-handed weapons with a shield.


Message History

You shoot an arrow.
The arrow barely misses the seven-headed hydra.
The seven-headed hydra bites you but does no damage.
You block the seven-headed hydra's attack. x2
The seven-headed hydra bites you!
* * * LOW HITPOINT WARNING * * *
The seven-headed hydra bites you!
* * * LOW HITPOINT WARNING * * *
The seven-headed hydra misses you. The seven-headed hydra bites you.
* * * LOW HITPOINT WARNING * * *
You are confused.
You feel invigorated.
The seven-headed hydra closely misses you.
The seven-headed hydra misses you.
The seven-headed hydra bites you but does no damage.
The seven-headed hydra closely misses you.
The seven-headed hydra bites you but does no damage.
The seven-headed hydra closely misses you.
The seven-headed hydra misses you.
Okay, then.
Unknown command.
You feel better.
You feel less invigorated. The seven-headed hydra bites you!
* * * LOW HITPOINT WARNING * * *
The seven-headed hydra barely misses you.
The seven-headed hydra bites you.
* * * LOW HITPOINT WARNING * * *
The seven-headed hydra barely misses you.
You block the seven-headed hydra's attack.
The seven-headed hydra bites you.
* * * LOW HITPOINT WARNING * * *
The seven-headed hydra bites you!
* * * LOW HITPOINT WARNING * * *
You feel better.
The seven-headed hydra bites you but does no damage.
The seven-headed hydra bites you.
* * * LOW HITPOINT WARNING * * *
The seven-headed hydra bites you but does no damage.
The seven-headed hydra closely misses you.
The seven-headed hydra bites you!
You die...

# ##..## ####..#####.####.......
###....##### ##...##...#..#......
.#..#...##.# ###..#.......##.....
...###....## #.!...###........PP.
...#.P.#.#.####..#####..###..P.P.
...........P..#.#.###...###....P.
....##....P......#.##....#.....†.
....P#........#..#.###...........
.........#######@#.....#.........
....#....##..####D.....#.........
...#..........##.#...............
................D#...............
.................#...............
...................#.............
...................#..#..........
............>..#......#..........
..............##......#...#......


You could see a seven-headed hydra.

Vanquished Creatures
  Nessos (Lair:4)
  A white draconian (IceCv)
  3 hydras
  A two-headed ogre (D:11)
  Pikel (D:8)
  2 harpies (Lair:3)
  An ugly thing (D:9)
  4 elephants (Lair:2)
  7 black mambas
  A cyclops (D:11)
  2 ice statues (IceCv)
  8 cane toads
  An unseen horror (D:11)
  6 komodo dragons
  4 rime drakes (IceCv)
  An efreet (D:9)
  2 ice devils (Lair:3)
  A polar bear (Lair:4)
  A troll (D:11)
  24 blink frogs
  6 dream sheep (Lair:4)
  Sigmund (D:2)
  A shadow (D:8)
  3 wyverns
  Eustachio (D:5)
  2 basilisks
  14 yaks
  3 steam dragons
  Grum (D:10)
  2 vampire mosquitoes
  13 water moccasins
  Duvessa (D:6)
  A sky beast (D:6)
  A black bear (D:4)
  11 orc warriors
  10 ogres
  12 wolves
  4 centaurs
  A lemure (D:8)
  3 phantoms (D:6)
  3 kobold brigands
  10 bullfrogs
  2 necrophages
  6 gnoll sergeants
  A scorpion (D:5)
  Dowan (D:6)
  13 wights
  2 lindwurm simulacra (IceCv)
  An electric eel (D:8)
  8 howler monkeys
  A crimson imp (D:5)
  7 komodo dragon simulacra (IceCv)
  8 orc priests
  A gnoll bouda (D:5)
  2 hounds
  8 jellies
  Jessica (D:3)
  Ijyb (D:5)
  7 orc wizards
  17 gnolls
  6 acid dragon simulacra (IceCv)
  10 adders
  2 shadow imps
  2 white imps
  6 steam dragon simulacra (IceCv)
  A worm (D:3)
  4 dart slugs
  27 orcs
  7 endoplasms
  3 giant cockroaches
  3 goblins
  4 hobgoblins (D:1)
  6 quokkas
  4 ball pythons
  3 bats
  7 frilled lizards
  15 kobolds
  5 rats
378 creatures vanquished.

Vanquished Creatures (others)
  A shadow (D:9)
  5 fungi
  19 plants
25 creatures vanquished.

Grand Total: 403 creatures vanquished

Notes
Turn   | Place    | Note
-------+----------+-------------------------------------------
     0 | D:1      | CrazyBamboolord the Formicid Hunter began the quest for the
                  | Orb.
     0 | D:1      | Reached XP level 1. HP: 16/16 MP: 1/1
   216 | D:1      | Reached XP level 2. HP: 18/22 MP: 2/2
   387 | D:1      | Reached XP level 3. HP: 26/28 MP: 3/3
   633 | D:2      | Identified a scroll of acquirement
   635 | D:2      | Acquired the amulet of Hiag {Acrobat *Slow rF+ rC++ Regen+}
   722 | D:2      | Reached skill level 5 in Ranged Weapons
   725 | D:2      | Reached XP level 4. HP: 31/34 MP: 4/4
  1098 | D:2      | Noticed Sigmund
  1109 | D:2      | Killed Sigmund
  1110 | D:2      | Reached skill level 6 in Ranged Weapons
  1110 | D:2      | Reached skill level 1 in Armour
  1110 | D:2      | Reached skill level 1 in Shields
  1110 | D:2      | Reached XP level 5. HP: 40/40 MP: 5/5
  1110 | D:2      | Reached XP level 6. HP: 46/46 MP: 6/6
  1901 | D:3      | Noticed Jessica
  1915 | D:3      | Killed Jessica
  2035 | D:3      | Found a white marble altar of Elyvilon.
  2370 | D:4      | Noticed a black bear
  2374 | D:4      | Killed a black bear
  2375 | D:4      | Reached XP level 7. HP: 52/52 MP: 7/7
  2758 | D:5      | Entered Level 5 of the Dungeon
  2830 | D:5      | Found a staircase to the Ecumenical Temple.
  2846 | D:5      | Reached skill level 7 in Ranged Weapons
  2853 | Temple   | Entered the Ecumenical Temple
  3002 | Temple   | Became a worshipper of Warmaster Okawaru
  3040 | D:5      | Found a shimmering blue altar of Sif Muna.
  3068 | D:5      | Noticed Ijyb
  3077 | D:5      | Killed Ijyb
  3247 | D:5      | Reached XP level 8. HP: 58/58 MP: 8/8
  3574 | D:5      | Noticed Eustachio
  3620 | D:5      | Killed Eustachio
  3621 | D:5      | Reached skill level 8 in Ranged Weapons
  3621 | D:5      | Reached skill level 1 in Invocations
  3771 | D:6      | Found Ycahe's Weapon Boutique.
  3811 | D:6      | Reached * piety under Okawaru
  3978 | D:6      | Reached XP level 9. HP: 56/66 MP: 10/10
  4013 | D:6      | Reached ** piety under Okawaru
  4107 | D:6      | Reached skill level 9 in Ranged Weapons
  4144 | D:6      | Reached skill level 5 in Shields
  4175 | D:6      | Noticed Duvessa
  4177 | D:6      | Noticed Dowan
  4184 | D:6      | Killed Duvessa
  4185 | D:6      | Reached skill level 5 in Fighting
  4197 | D:6      | Killed Dowan
  4459 | D:6      | Found a large runed translucent door.
  4460 | D:6      | Found a large runed translucent door.
  4763 | D:7      | Reached *** piety under Okawaru
  4952 | D:7      | Found a hide-covered altar of Uskayaw.
  4954 | D:7      | Found a shimmering altar of Xom.
  4954 | D:7      | Found a radiant altar of Vehumet.
  4956 | D:7      | Found a radiant altar of Vehumet.
  4956 | D:7      | Found a glowing golden altar of the Shining One.
  4956 | D:7      | Found a hide-covered altar of Uskayaw.
  5237 | D:7      | Reached skill level 10 in Ranged Weapons
  5328 | D:7      | Reached XP level 10. HP: 74/74 MP: 12/12
  5970 | D:8      | Found Suid's Weapon Shop.
  6023 | D:8      | Found a flagged portal.
  6032 | Bailey   | Entered a bailey
  6049 | Bailey   | Reached **** piety under Okawaru
  6121 | Bailey   | Noticed an orc knight
  6283 | D:8      | Reached skill level 11 in Ranged Weapons
  6606 | D:8      | Noticed Pikel
  6625 | D:8      | Killed Pikel
  6844 | D:8      | Reached skill level 5 in Armour
  7039 | D:8      | Found a hide-covered altar of Uskayaw.
  7103 | D:9      | Noticed a red ugly thing
  7104 | D:9      | Noticed an efreet
  7130 | D:9      | Reached XP level 11. HP: 78/83 MP: 14/14
  7322 | D:9      | Reached skill level 5 in Dodging
  7473 | D:9      | Reached ***** piety under Okawaru
  7511 | D:9      | Reached skill level 12 in Ranged Weapons
  7511 | D:9      | Reached skill level 5 in Invocations
  7848 | D:9      | Killed a red ugly thing
  7937 | D:10     | Entered Level 10 of the Dungeon
  8193 | D:10     | Found Kacaly's Jewellery Shoppe.
  8232 | D:10     | Found a stormy altar of Qazlal.
  8326 | D:10     | Noticed Grum
  8348 | D:10     | Killed Grum
  8350 | D:10     | Identified the +1 plate armour of Qedo {Dex+3 SInv}
                  | (Okawaru gifted it to you on level 10 of the Dungeon)
  8350 | D:10     | Received a gift from Okawaru
  8426 | D:10     | Found a snail-covered altar of Cheibriados.
  8676 | D:11     | Noticed a cyclops
  8688 | D:11     | Killed a cyclops
  8838 | D:11     | Found a staircase to the Orcish Mines.
  8896 | D:11     | Reached skill level 13 in Ranged Weapons
  9065 | D:11     | Found a staircase to the Lair.
  9415 | D:11     | Noticed a two-headed ogre
  9420 | D:11     | Killed a two-headed ogre
  9421 | D:11     | Reached XP level 12. HP: 92/92 MP: 16/16
  9648 | Lair:1   | Entered Level 1 of the Lair of Beasts
  9904 | Lair:1   | You fall into a shaft and drop 1 floor!
 10249 | Lair:2   | Found a staircase to the Snake Pit.
 10331 | Lair:2   | Reached ****** piety under Okawaru
 10332 | Lair:2   | Reached skill level 14 in Ranged Weapons
 10592 | Lair:1   | Identified the +5 scale mail of the Sun {Str+6 Dex-3 SInv}
                  | (Okawaru gifted it to you on level 1 of the Lair of Beasts)
 10592 | Lair:1   | Received a gift from Okawaru
 10603 | Lair:1   | Reached XP level 13. HP: 73/100 MP: 18/18
 11656 | Lair:3   | Reached skill level 15 in Ranged Weapons
 11678 | Lair:3   | Noticed a six-headed hydra
 11702 | Lair:3   | Killed a six-headed hydra
 11758 | Lair:3   | Found a frozen archway.
 11773 | IceCv    | Entered an ice cave
 12244 | IceCv    | Noticed a white draconian
 12301 | IceCv    | Killed a white draconian
 12301 | IceCv    | Identified the +1 cloak of Weightlessness {SInv Stlth+}
                  | (Okawaru gifted it to you in an ice cave)
 12301 | IceCv    | Received a gift from Okawaru
 12302 | IceCv    | Reached skill level 10 in Fighting
 12445 | IceCv    | Found the +8 frozen axe "Frostbite" {freeze, freezing
                  | cloud, *Noise Fly rC+}
 12490 | IceCv    | Identified the ring of a Billion Places {Wiz rCorr Slay+3}
 12889 | Lair:3   | Found a staircase to the Shoals.
 13349 | Lair:4   | Found a staircase to the Slime Pits.
 13362 | Lair:4   | Found a viscous altar of Jiyva.
 13538 | Lair:4   | Noticed Nessos
 13546 | Lair:4   | Killed Nessos
 13672 | Lair:4   | Reached XP level 14. HP: 111/111 MP: 20/20
 13788 | Lair:4   | Reached skill level 16 in Ranged Weapons
 14131 | Lair:5   | Entered Level 5 of the Lair of Beasts
 14165 | Lair:4   | Slain by a seven-headed hydra

Illustrated notes

Levels and vault maps discovered:
D:1:      elethiomel_arrival_fortress_basement, layout_loops_ring
D:2:      layout_basic, chequers_serial_rivers_large_b, supply_closet_lemuel,
          uniq_sigmund
D:3:      wander_river, layout_rooms, elyvilon_altar_3, uniq_jessica
D:4:      layout_gridville
D:5:      layout_rooms, mainiacjoe_overflow_boulevard, temple_fountains,
          nrook_mini_backslash, wad_floor_pattern_untrapped,
          minmay_fire_ice_demons, uniq_ijyb, uniq_eustachio
D:6:      layout_gridville, jmf_multi_god_temple2, serial_shops,
          nicolae_shop_advertising_works [nicolae_subvault_shop_adworks],
          uniq_duvessa
D:7:      layout_gridville, doesnt_xom_only_xom
D:8:      layout_cave_pods, nicolae_uskayaw_suspiria, enter_bailey_2,
          serial_shops, nicolae_lakefront_shop, minivault_4, uniq_pikel
D:9:      layout_roguey, grunt_tough_drop
D:10:     layout_long_grid, lemuel_doored_altar, lemuel_crystal_altar,
          serial_shops, shop_fountains, columned_hall_lemuel, uniq_grum
D:11:     layout_gridville, lair_entry_dummy,
          kennysheep_orc_monster_closet_entryway, minmay_misc_feat_enclosed
Temple:   jpeg_temple_clearing
Lair:1:   layout_small_grid, grunt_forest_small_clearing_treed
Lair:2:   layout_roguey, minmay_snake_entry_six_corridors, grunt_megastairs_2
Lair:3:   layout_chaotic_city, nicolae_shoals_entry_roost,
          portal_ice_cave_demonic_guard, grunt_megastairs_5
Lair:4:   layout_cave_shapes, nicolae_slime_entry_field_trip, uniq_nessos
Lair:5:   grunt_lair_end_beastmaster, layout_cave_pods, kennysheep_rathole,
          uniq_kirke

Skill      XL: |  1  2  3  4  5  6  7  8  9 10 11 12 13 14 |
---------------+-------------------------------------------+-----
Ranged Weapons | 5 6 7 8 10 11 13 14 15 16 | 16.0
Armour         | 1 3 4 5 6 7 |  7.8
Dodging        | 2 3 4 5 6 7 |  7.0
Shields        | 1 2 3 4 5 6 7 8 9 |  9.7
Fighting       | 3 4 5 6 7 8 10 | 10.6
Invocations    | 1 3 4 5 6 8 |  8.3
Stealth        | 2 3 |  3.2

Action                     |  1- 3 |  4- 6 |  7- 9 | 10-12 | 13-15 || total
---------------------------+-------+-------+-------+-------+-------++-------
   Fire: Shortbow          |    58 |    92 |   377 |   888 |   580 ||  1995
         Longbow           |       |       |       |       |    38 ||    38
 Invoke: Heroism           |       |       |       |     3 |     2 ||     5
         Finesse           |       |       |       |     1 |     2 ||     3
    Use: Scroll            |     3 |     3 |     5 |     7 |     4 ||    22
         Potion            |       |       |       |     3 |     3 ||     6
 Armour: Leather armour    |     6 |     3 |    32 |    39 |       ||    80
         Steam dragon scal |       |       |     1 |    80 |    57 ||   138
  Dodge: Dodged            |    13 |    23 |   149 |   307 |   186 ||   678
  Block: Buckler           |       |       |    35 |   154 |       ||   189
         Kite shield       |       |       |       |   126 |   188 ||   314

Table legend: (Time is in decaauts)
 A = Elapsed time spent in this place.
 B = Non-inter-level travel time spent in this place.
 C = Inter-level travel time spent in this place.
 D = Time resting spent in this place.
 E = Time spent auto-exploring this place.
 F = Levels seen in this place.
 G = Mean time per level.
                   A        B        C        D        E       F      G
               +--------+--------+--------+--------+--------+-----+--------+
         Total |  14131 |  13334 |    797 |    470 |   9304 |  19 |  743.7 |
       Dungeon |   9417 |   8867 |    550 |    302 |   6545 |  11 |  856.1 |
        Temple |    164 |     97 |     67 |      0 |     83 |   1 |  164.0 |
          Lair |   3636 |   3456 |    180 |     32 |   2522 |   5 |  727.2 |
        Bailey |    168 |    168 |      0 |      0 |     42 |   1 |  168.0 |
      Ice Cave |    745 |    745 |      0 |    136 |    111 |   1 |  745.0 |
               +--------+--------+--------+--------+--------+-----+--------+

Top non-repeatable levels by time:
     D:8: 1204 daAuts
     D:6: 1099 daAuts
     D:2: 1090 daAuts
     D:7: 1071 daAuts
  Lair:2: 1042 daAuts
  Lair:4: 963 daAuts
    D:11: 961 daAuts
  Lair:1: 898 daAuts
     D:5: 773 daAuts
   IceCv: 745 daAuts
     D:9: 730 daAuts
  Lair:3: 725 daAuts
    D:10: 725 daAuts
     D:1: 645 daAuts
     D:4: 577 daAuts
